 Dungeon Crawl Stone Soup version 0.22.1-6-g1668fe2c40 (webtiles) character file.

8869 Rediskos the Archer (level 11, -5/94 HPs)
             Began as a Centaur Hunter on Jan 18, 2019.
             Was an Elder of Okawaru.
             Slain by a gargoyle
             ... wielding a +0 flail
              (14 damage)
             ... in a labyrinth on Jan 19, 2019.
             The game lasted 00:54:29 (14197 turns).

Rediskos the Archer (Centaur Hunter)               Turns: 14197, Time: 00:54:29

Health: -5/94      AC: 15    Str: 18    XL:     11   Next: 15%
Magic:  14/16      EV:  6    Int: 10    God:    Okawaru [****..]
Gold:   518        SH:  0    Dex: 10    Spells: 10/10 levels left

rFire    + . .     SeeInvis .   b - +0 falchion
rCold    . . .     Gourm    .   (no shield)
rNeg     . . .     Faith    .   g - +1 plate armour
rPois    .         Spirit   .   d - +2 hat
rElec    .         Reflect  .   (no cloak)
rCorr    .         Harm     .   (no gloves)
MR       +....                  (no barding)
Stlth    ..........             (no amulet)
HPRegen  0.25/turn              H - ring of protection from fire
MPRegen  0.15/turn              n - ring of protection from magic

@: heroism, very quick
A: large, hooves 3, deformed body, speed 2, tough skin 3
a: Heroism, Renounce Religion


You were in a labyrinth.
You worshipped Okawaru.
Okawaru was greatly pleased with you.
You were hungry.

You visited 2 branches of the dungeon, and saw 11 of its levels.
You also visited: Labyrinth.

You collected 602 gold pieces.
You spent 84 gold pieces at shops.

Inventory:

Hand Weapons
 a - a +4 shortbow
 b - a +0 falchion (weapon)
 c - a +1 trident of flaming
Missiles
 L - 45 arrows
Armour
 d - a +2 hat (worn)
 g - a +1 plate armour (worn)
 u - a +0 helmet
 O - a +0 buckler
Jewellery
 m - an uncursed ring of ice
 n - a ring of protection from magic (right hand)
 H - a ring of protection from fire (left hand)
 J - an uncursed amulet of guardian spirit {unknown}
Wands
 k - a wand of polymorph (6)
 q - a wand of flame (21)
 A - a wand of enslavement (12)
 C - a wand of digging (5)
 D - a wand of iceblast (3)
 G - a wand of random effects (11)
Scrolls
 f - 7 scrolls of teleportation
 h - a scroll of magic mapping
 o - 2 scrolls of enchant armour
 s - 4 scrolls of fear
Potions
 j - 3 potions of lignification
 l - a potion of heal wounds
 p - 2 potions of agility
 r - a potion of might
 t - a potion of magic {unknown}
 v - 2 potions of mutation
 w - 4 potions of cancellation
 x - a potion of invisibility {unknown}
 B - 4 potions of curing
 E - 2 potions of haste
 K - a potion of degeneration {unknown}
 N - 2 potions of ambrosia {unknown}
Comestibles
 e - 16 rations


   Skills:
 + Level 8.0(13.0) Fighting
 * Level 14.5(19.5) Bows
 + Level 5.8(10.8) Armour
 - Level 3.0(8.0) Dodging
 - Level 0.4(5.4) Stealth
 + Level 7.6 Invocations


You had 10 spell levels left.
You didn't know any spells.
Your spell library contained the following spells:

 Spells                   Type           Power        Failure   Level  Hunger
 Animate Skeleton         Necr           N/A          100%        1    ##.....
 Apportation              Tloc           #.....       100%        1    ##.....
 Confusing Touch          Hex            #.....       100%        1    ##.....
 Corona                   Hex            #......      100%        1    ##.....
 Pain                     Necr           #...         100%        1    ##.....
 Shock                    Conj/Air       #...         100%        1    ##.....
 Sting                    Conj/Pois      #...         100%        1    ##.....
 Summon Small Mammal      Summ           #...         100%        1    ##.....
 Ensorcelled Hibernation  Hex/Ice        #.....       100%        2    ###....
 Poisonous Vapours        Pois/Air       #.....       100%        2    ###....
 Swiftness                Chrm/Air       #.......     100%        2    ###....
 Confuse                  Hex            #.......     100%        3    ####...
 Dazzling Spray           Conj/Hex       #.....       100%        3    ####...
 Mephitic Cloud           Conj/Pois/Air  #.......     100%        3    ####...
 Regeneration             Chrm/Necr      #.........   100%        3    ####...
 Static Discharge         Conj/Air       #.......     100%        3    ####...
 Tukima's Dance           Hex            #.......     100%        3    ####...
 Vampiric Draining        Necr           #.........   100%        3    ####...
 Airstrike                Air            #.........   100%        4    #####..
 Animate Dead             Necr           N/A          100%        4    #####..
 Olgreb's Toxic Radiance  Pois           #.......     100%        4    #####..
 Lightning Bolt           Conj/Air       #.........   100%        5    ######.
 Venom Bolt               Conj/Pois      #.........   100%        5    ######.


Dungeon Overview and Level Annotations

Branches:
Dungeon (10/15)            Temple (0/1) D:5            Lair (1/6) D:9
    Orc (0/2) D:9

Altars:
Fedhas
Gozag
Makhleb
Nemelex Xobeh
Okawaru
Vehumet
Yredelemnul
Zin

Shops:
D:6 *   D:7 [(   D:8 ?


Innate Abilities, Weirdness & Mutations

You have hooves in place of feet.
Armour fits poorly on your strangely shaped body.
You cover ground very quickly.
You have extremely tough skin. (AC +3)


Message History

You see here 2 arrows.
You see here a flail.
You feel like a meek peon again.
You hear an odd grinding sound!
You start resting.
The gargoyle is too close now for your liking.
The gargoyle hits you with a flail.
You gain the combat prowess of a mighty hero.
The gargoyle hits you but does no damage.
Your plate armour prevents you from hitting the gargoyle.
You kick the gargoyle!
The gargoyle is moderately damaged.
The gargoyle hurls a stone arrow at you.
The stone arrow hits you!
* * * LOW HITPOINT WARNING * * *
Your plate armour prevents you from hitting the gargoyle.
You punch the gargoyle.
The gargoyle is heavily damaged.
The gargoyle hits you with a flail!
You die...

### .. ▓ ##
.# ### . .9
..#.#
.###.###.#
▓ . #.#@9.#
▓.#.#.###.#
▓.# #.....#
. . ▓ #
#.##### # ▓
. #...#
.##### # ▓.
# . . ▓ #.#
. # ▓ # #
#. . .


You could see a gargoyle.

Vanquished Creatures
  Gastronok (D:8)
  A two-headed ogre (D:7)
  Psyche (D:9)
  A gargoyle (Lab)
  A spiny frog (Lair:1)
  2 hippogriffs
  A shadow (Lab)
  9 yaks
  Eustachio (D:4)
  2 orc warriors
  A water moccasin (D:9)
  2 phantoms
  A sky beast (D:9)
  4 ice beasts
  2 black bears
  A necrophage (D:7)
  A centaur (D:9)
  5 ogres
  A crocodile (Lair:1)
  A big kobold (D:7)
  3 bullfrogs
  2 scorpions
  4 wights (D:8)
  6 electric eels (D:7)
  A howler monkey (D:6)
  A bullfrog zombie (D:5)
  5 crimson imps
  A jelly (D:9)
  An orc priest (D:7)
  Crazy Yiuf (D:2)
  2 bullfrog skeletons
  7 hounds
  2 centaur skeletons
  5 worker ants
  Ijyb (D:5)
  Terence (D:2)
  2 iguanas
  8 orc wizards
  A hound zombie (D:6)
  2 worker ant zombies
  2 howler monkey zombies (D:7)
  Robin (D:2)
  3 gnolls (D:7)
  11 adders
  4 shadow imps
  3 oozes
  4 worms
  2 dart slugs
  4 leopard geckos
  36 orcs
  3 bats
  4 giant cockroaches
  16 goblins
  12 hobgoblins
  8 kobolds
  5 quokkas
  6 frilled lizards
  A leopard gecko skeleton (D:4)
  A leopard gecko zombie (D:5)
  6 rats
227 creatures vanquished.

Vanquished Creatures (others)
  2 plants (D:7)
2 creatures vanquished.

Grand Total: 229 creatures vanquished

Notes
Turn   | Place    | Note
-------+----------+-------------------------------------------
     0 | D:1      | Rediskos the Centaur Hunter began the quest for the Orb.
     0 | D:1      | Reached XP level 1. HP: 17/17 MP: 1/1
   189 | D:1      | Reached XP level 2. HP: 20/24 MP: 2/2
   685 | D:1      | Reached XP level 3. HP: 28/30 MP: 3/3
   916 | D:2      | Reached skill level 6 in Bows
  1520 | D:2      | Reached skill level 1 in Armour
  1520 | D:2      | Reached XP level 4. HP: 23/37 MP: 4/4
  1707 | D:2      | Found a runed door.
  2581 | D:2      | Noticed Robin
  2602 | D:2      | Killed Robin
  2602 | D:2      | Reached XP level 5. HP: 42/44 MP: 5/5
  2625 | D:2      | Found a basalt altar of Yredelemnul.
  2771 | D:2      | Noticed Terence
  2837 | D:2      | Killed Terence
  3150 | D:2      | Noticed Crazy Yiuf
  3176 | D:2      | Killed Crazy Yiuf
  3176 | D:2      | Reached skill level 7 in Bows
  3905 | D:3      | Found a blossoming altar of Fedhas.
  3918 | D:3      | Found an iron altar of Okawaru.
  3922 | D:3      | Became a worshipper of Warmaster Okawaru
  4023 | D:4      | Reached XP level 6. HP: 51/51 MP: 6/6
  4104 | D:4      | Noticed Eustachio
  4230 | D:4      | Killed Eustachio
  4230 | D:4      | Reached * piety under Okawaru
  4230 | D:4      | Reached skill level 8 in Bows
  4250 | D:4      | Reached XP level 7. HP: 44/58 MP: 7/7
  4410 | D:4      | Found an opulent altar of Gozag.
  4557 | D:4      | Reached skill level 1 in Invocations
  4745 | D:4      | Found a burning altar of Makhleb.
  4755 | D:4      | Found a radiant altar of Vehumet.
  5036 | D:5      | Entered Level 5 of the Dungeon
  5217 | D:5      | Found a staircase to the Ecumenical Temple.
  5241 | D:5      | Reached skill level 9 in Bows
  5347 | D:5      | Reached ** piety under Okawaru
  5448 | D:5      | Reached XP level 8. HP: 56/67 MP: 9/9
  5535 | D:5      | Noticed Ijyb
  5552 | D:5      | Killed Ijyb
  6014 | D:6      | Reached skill level 10 in Bows
  6074 | D:6      | Reached skill level 5 in Fighting
  6530 | D:6      | Found Luust's General Store.
  6787 | D:6      | Bought a scroll of magic mapping for 42 gold pieces
  6787 | D:6      | Bought a scroll of fear for 42 gold pieces
  7045 | D:7      | Noticed a hippogriff
  7250 | D:7      | Found a sparkling altar of Nemelex Xobeh.
  7342 | D:7      | Reached XP level 9. HP: 74/74 MP: 9/12
  7377 | D:7      | Reached skill level 11 in Bows
  7556 | D:7      | Found a glowing silver altar of Zin.
  7828 | D:7      | Found Dyfanulo's Antique Armour Boutique.
  7878 | D:7      | Found Miqoak's Antique Weapon Shoppe.
  8051 | D:7      | Noticed a two-headed ogre
  8104 | D:7      | Killed a two-headed ogre
  8104 | D:7      | Reached *** piety under Okawaru
  8104 | D:7      | Reached skill level 5 in Invocations
  8415 | D:7      | Found an iron altar of Okawaru.
  8528 | D:7      | Reached skill level 12 in Bows
  9835 | D:8      | Found Milaote's Magic Scroll Shop.
  9838 | D:8      | Noticed Gastronok
 10827 | D:8      | Killed Gastronok
 10827 | D:8      | Reached **** piety under Okawaru
 10827 | D:8      | Reached skill level 13 in Bows
 10827 | D:8      | Reached skill level 5 in Armour
 10827 | D:8      | Reached XP level 10. HP: 27/86 MP: 12/14
 11788 | D:9      | HP: 2/86 [yak (3)]
 12187 | D:9      | Found a staircase to the Lair.
 12566 | D:9      | Found a staircase to the Orcish Mines.
 12592 | D:9      | Noticed Psyche
 12621 | D:9      | Killed Psyche
 12621 | D:9      | Received a gift from Okawaru
 12693 | D:9      | Reached skill level 14 in Bows
 13514 | D:10     | Entered Level 10 of the Dungeon
 13559 | Lair:1   | Entered Level 1 of the Lair of Beasts
 13591 | Lair:1   | Received a gift from Okawaru
 13594 | Lair:1   | Reached XP level 11. HP: 57/94 MP: 16/16
 13723 | Lair:1   | Found a labyrinth entrance.
 13733 | Lab      | Entered a labyrinth
 14197 | Lab      | Slain by a gargoyle

Skill      XL: |  1  2  3  4  5  6  7  8  9 10 11 |
---------------+----------------------------------+-----
Bows           | 6 7 8 9 10 13 14 | 14.5
Armour         | 1 2 3 5 |  5.8
Dodging        | 2 3 |  3.0
Fighting       | 3 4 5 7 8 |  8.0
Invocations    | 2 4 6 7 |  7.6
Stealth        | |  0.4

Action                   |  1- 3 |  4- 6 |  7- 9 | 10-12 || total
-------------------------+-------+-------+-------+-------++-------
Melee: Short sword       |    94 |    54 |    39 |       ||   187
       Kick              |    24 |     3 |    35 |    46 ||   108
       Falchion          |    12 |       |    80 |   147 ||   239
       Punch             |       |       |     1 |     1 ||     2
 Fire: Shortbow          |     6 |   214 |   383 |   163 ||   766
Invok: Heroism           |       |       |    18 |    10 ||    28
Evoke: Wand              |       |       |    34 |     2 ||    36
  Use: Scroll            |     2 |     1 |     9 |    11 ||    23
  Eat: Chunk             |     1 |     7 |    13 |     5 ||    26
       Ration            |       |       |     1 |     1 ||     2
Armor: Leather armour    |    30 |       |       |       ||    30
       Plate armour      |       |   277 |   145 |   204 ||   626
Dodge: Dodged            |    51 |    50 |    49 |    62 ||   212
       Rpst.: Falchion   |     2 |       |     1 |    13 ||    16
